 Dungeon Crawl Stone Soup version 0.22.1-2-g9c5b331383 (webtiles) character file.

6213 Marnok the Cleaver (level 11, 0/81 HPs)
             Began as a Human Fighter on Dec 15, 2018.
             Slain by a yak (3 damage)
             ... on level 1 of the Lair of Beasts.
             The game lasted 00:37:33 (6196 turns).

Marnok the Cleaver (Human Fighter)                  Turns: 6196, Time: 00:37:34

Health: 0/81       AC: 11    Str: 20      XL:     11   Next: 14%
Magic:  11/11      EV: 11    Int: 10 (11) God:
Gold:   592        SH: 17    Dex: 16      Spells: 10/10 levels left

rFire    + . .     SeeInvis .   e - +5 hand axe (chop)
rCold    . . .     Gourm    .   h - +0 large shield
rNeg     . . .     Faith    .   j - +1 ring mail of Forking Paths {rElec rC+ Int+3 Dex+4} (curse)
rPois    +         Spirit   .   p - +0 helmet of the Ten Yaks {Regen+ Dex+3} (curse)
rElec    +         Reflect  .   s - +1 cloak
rCorr    .         Harm     .   (no gloves)
MR       .....                  (no boots)
Stlth    +.........             (no amulet)
HPRegen  0.63/turn              k - ring of fire
MPRegen  0.12/turn              H - ring of poison resistance

@: no status effects
A: clumsy 2, deterioration 1, MP-powered wands
a: no special abilities


You were on level 1 of the Lair of Beasts.
You were not hungry.

You visited 2 branches of the dungeon, and saw 13 of its levels.

You collected 592 gold pieces.

Inventory:

Hand Weapons
 e - a +5 hand axe of chopping (weapon)
 g - the +6 flail "Ronegheo" {distort, +Rage MR++ Int-2, unknown}
   (You found it on level 6 of the Dungeon)

   It warps and distorts space around it.
   Unwielding it can cause banishment or high damage.
   It affects your intelligence (-2).
   It affects your resistance to hostile enchantments.
   It lets you go berserk.
 m - a +1 hunting sling of velocity
 z - a +1 whip of draining
 A - a +0 dagger of speed
 B - a cursed -1 war axe
 C - a +2 scimitar
 D - a +4 long sword
Missiles
 v - 24 sling bullets
 G - 2 throwing nets (quivered)
Armour
 b - a +0 scale mail
 h - a +0 large shield (worn)
 j - the cursed +1 ring mail of Forking Paths (worn) {rElec rC+ Int+3 Dex+4}
   (You found it on level 7 of the Dungeon)

   It affects your intelligence (+3).
   It affects your dexterity (+4).
   It protects you from cold.
   It insulates you from electricity.
   It has a curse placed upon it.
 p - the cursed +0 helmet of the Ten Yaks (worn) {Regen+ Dex+3}
   (You took it off Robin on level 3 of the Dungeon)

   It affects your dexterity (+3).
   It increases your rate of regeneration.
   It has a curse placed upon it.
 s - a +1 cloak (worn)
 y - the +2 leather armour of True Grit {rPois, unknown}
   (You found it on level 7 of the Dungeon)

   It protects you from poison.
 L - a cursed +0 plate armour
Jewellery
 k - a ring of fire (left hand)
 n - an uncursed ring of fire
 H - a ring of poison resistance (right hand)
 I - an uncursed ring of magical power {unknown}
 J - an uncursed ring of wizardry {unknown}
Wands
 q - a wand of disintegration (12)
 r - a wand of polymorph (15)
 u - a wand of paralysis (11)
 x - a wand of enslavement (16)
 K - a wand of iceblast (13)
Scrolls
 a - 5 scrolls of remove curse
 c - a scroll of fear {unknown}
 d - 2 scrolls of magic mapping
 i - 2 scrolls of teleportation
 l - 2 scrolls of enchant weapon
 w - 2 scrolls of noise {unknown}
 F - 2 scrolls of identify
 M - a scroll of summoning {unknown}
Potions
 o - 4 potions of flight
 E - a potion of resistance {unknown}
Comestibles
 f - 20 rations
 t - 6 chunks of flesh


   Skills:
 + Level 6.2 Fighting
 + Level 2.2 Long Blades
 + Level 9.5 Axes
 + Level 6.7 Armour
 + Level 5.0 Dodging
 + Level 1.2 Stealth
 + Level 9.2 Shields


You had 10 spell levels left.
You didn't know any spells.
Your spell library contained the following spells:

 Spells                   Type           Power        Failure   Level  Hunger
 Magic Dart               Conj           #...         99%         1    ##.....
 Searing Ray              Conj           #.....       100%        2    ###....
 Dazzling Spray           Conj/Hex       #.....       100%        3    ####...
 Force Lance              Conj/Tloc      #.......     100%        4    #####..
 Fulminant Prism          Conj/Hex       #.........   100%        4    #####..
 Iskenderun's Mystic Bla  Conj           #.......     100%        4    #####..


Dungeon Overview and Level Annotations

Branches:
Dungeon (11/15)            Temple (0/1) D:5            Lair (2/6) D:9
  Swamp: Lair:2-4    Shoals: Lair:2-4     Snake: Lair:2-4    Spider: Lair:2-4
    Orc: D:9-12

Altars:
Qazlal
Sif Muna
Trog
Yredelemnul

Shops:
D:4 =   D:6 [

Portals:
Trove: D:11 (give +0 crystal plate armour)


Innate Abilities, Weirdness & Mutations

You are very clumsy. (Dex -4)
Your body sometimes deteriorates upon taking damage.
You expend magic power (3 MP) to strengthen your wands.


Message History

You hit the yak.
The yak is lightly wounded.
You slash the yak! The yak closely misses you. The yak gores you!
* * * LOW HITPOINT WARNING * * *
Okay, then.
You hit the yak but do no damage.
The yak is lightly wounded.
You hit the yak.
You kill the yak!
You feel your strength returning.
Your Dodging skill increases to level 5!
The yak gores you!
* * * LOW HITPOINT WARNING * * *
You slash the yak!
The yak is heavily wounded.
You block the yak's attack.
You hit the yak.
The yak is heavily wounded.
The yak gores you.
You die...

####### #...#.## ###########
####Y†...#
#.#.#.#.#P###.##@##..############
...............†.#8..8#.Y........
.................................
....................>Y...........
................(#8..8#..........
.................##..##..........
.................................
.................................
####.###..###############.#.#.###


You could see a yak.

Vanquished Creatures
  A two-headed ogre (D:10)
  A black mamba (Lair:1)
  A rime drake (Lair:1)
  A komodo dragon (Lair:1)
  A hippogriff (Lair:1)
  Sigmund (D:5)
  5 yaks (Lair:1)
  Grum (D:8)
  The ghost of rumpelstilzz the Stinger, an amateur OpVM (D:3)
  2 water moccasins (Lair:1)
  A phantom (D:6)
  A sky beast (D:8)
  A black bear (D:8)
  An orc warrior (D:6)
  An ice beast (D:7)
  4 wolves (D:8)
  3 ogres
  3 centaurs
  2 bullfrogs (D:7)
  3 scorpions
  8 killer bees
  5 howler monkeys
  4 wights (D:8)
  3 crimson imps
  2 bullfrog zombies (D:7)
  A centaur zombie (D:6)
  An orc priest (D:5)
  A bullfrog skeleton (D:6)
  3 hounds
  3 iguanas
  5 orc wizards
  5 worker ants
  A killer bee zombie (D:2)
  A hound skeleton (D:6)
  Robin (D:3)
  4 gnolls (D:5)
  16 adders
  A shadow imp (D:5)
  A worker ant simulacrum (D:3)
  2 oozes
  An adder skeleton (D:4)
  A worm (D:4)
  A dart slug (D:2)
  3 adder simulacra (D:3)
  6 leopard geckos
  17 orcs
  4 bats
  3 giant cockroaches
  13 goblins
  9 hobgoblins
  7 jackals
  3 quokkas
  A ball python (D:2)
  5 frilled lizards
  A giant cockroach zombie (D:5)
  A jackal simulacrum (D:3)
  7 kobolds
  A leopard gecko simulacrum (D:3)
  A leopard gecko skeleton (D:4)
  A leopard gecko zombie (D:5)
  A quokka skeleton (D:4)
  3 rats
193 creatures vanquished.

Vanquished Creatures (others)
  An orc (D:5)
  A goblin (D:3)
  2 hobgoblins (D:3)
  A fungus (D:9)
5 creatures vanquished.

Grand Total: 198 creatures vanquished

Notes
Turn   | Place    | Note
-------+----------+-------------------------------------------
     0 | D:1      | Marnok the Human Fighter began the quest for the Orb.
     0 | D:1      | Reached XP level 1. HP: 18/18 MP: 1/1
   432 | D:1      | Reached XP level 2. HP: 21/24 MP: 2/2
   785 | D:1      | Reached XP level 3. HP: 22/29 MP: 3/3
   866 | D:1      | Reached XP level 4. HP: 28/35 MP: 4/4
   867 | D:1      | Reached skill level 1 in Axes
  1185 | D:2      | Reached skill level 1 in Dodging
  1187 | D:2      | Reached XP level 5. HP: 31/41 MP: 5/5
  1461 | D:3      | Found a runed gate.
  1462 | D:3      | Found a runed gate.
  1491 | D:3      | Found a runed gate.
  1534 | D:3      | Noticed rumpelstilzz's ghost (amateur OpVM)
  1550 | D:3      | Killed rumpelstilzz's ghost
  1550 | D:3      | Reached XP level 6. HP: 22/47 MP: 6/6
  1557 | D:3      | Gained mutation: You are clumsy. (Dex -2) [potion of
                  | mutation]
  1557 | D:3      | Gained mutation: You are very clumsy. (Dex -4) [potion of
                  | mutation]
  1557 | D:3      | Gained mutation: Your body sometimes deteriorates upon
                  | taking damage. [potion of mutation]
  1557 | D:3      | Gained mutation: You expend magic power (3 MP) to
                  | strengthen your wands. [potion of mutation]
  2207 | D:4      | Found a stormy altar of Qazlal.
  2207 | D:4      | Noticed an ogre
  2212 | D:3      | Noticed Robin
  2224 | D:3      | Killed Robin
  2229 | D:3      | Got a jewelled helmet
  2240 | D:3      | Identified the cursed +0 helmet of the Ten Yaks {Regen+
                  | Dex+3} (You took it off Robin on level 3 of the Dungeon)
  2430 | D:5      | Entered Level 5 of the Dungeon
  2603 | D:4      | Found Ladatucka's Jewellery Boutique.
  2639 | D:4      | Reached XP level 7. HP: 53/53 MP: 7/7
  2731 | D:4      | Found a basalt altar of Yredelemnul.
  2917 | D:5      | Noticed Sigmund
  3106 | D:5      | Found a bloodstained altar of Trog.
  3160 | D:5      | Killed Sigmund
  3160 | D:5      | Reached skill level 1 in Stealth
  3167 | D:5      | Reached XP level 8. HP: 59/60 MP: 8/8
  3188 | D:5      | Reached skill level 5 in Shields
  3236 | D:5      | Reached skill level 5 in Axes
  3297 | D:6      | Found Soygua's Armour Emporium.
  3351 | D:5      | Reached skill level 5 in Armour
  3597 | D:5      | Found a staircase to the Ecumenical Temple.
  3725 | D:6      | You fall through a shaft for 2 floors!
  3854 | D:8      | Reached XP level 9. HP: 58/66 MP: 9/9
  4280 | D:6      | Got an iridescent flail
  4305 | D:7      | Got an encrusted ring mail
  4318 | D:7      | Got an agate-encrusted leather armour
  4373 | D:7      | Reached skill level 5 in Fighting
  4492 | D:6      | Identified the cursed +1 ring mail of Forking Paths {rElec
                  | rC+ Int+3 Dex+4} (You found it on level 7 of the Dungeon)
  5177 | D:7      | Found a deep blue altar of Sif Muna.
  5270 | D:7      | Reached XP level 10. HP: 74/74 MP: 10/10
  5556 | D:8      | Noticed Grum
  5575 | D:8      | Killed Grum
  5633 | D:8      | You fall through a shaft for 2 floors!
  5633 | D:10     | Entered Level 10 of the Dungeon
  5638 | D:10     | Noticed a two-headed ogre
  5664 | D:10     | Killed a two-headed ogre
  5775 | D:11     | Found a portal to a secret trove of treasure.
  5828 | D:9      | Noticed a four-headed hydra
  5847 | D:9      | Found a staircase to the Lair.
  5856 | Lair:1   | Entered Level 1 of the Lair of Beasts
  5939 | Lair:1   | Noticed a black mamba
  5948 | Lair:1   | Killed a black mamba
  5961 | Lair:1   | Noticed a rime drake
  5969 | Lair:1   | Killed a rime drake
  6008 | Lair:1   | Noticed a komodo dragon
  6024 | Lair:1   | Killed a komodo dragon
  6024 | Lair:1   | Reached XP level 11. HP: 14/81 MP: 11/11
  6194 | Lair:1   | Reached skill level 5 in Dodging
  6194 | Lair:1   | HP: 2/81 [yak (9)]
  6196 | Lair:1   | Slain by a yak

Skill      XL: |  1  2  3  4  5  6  7  8  9 10 11 |
---------------+----------------------------------+-----
Axes           | 1 2 3 4 6 7 9 |  9.5
Dodging        | 1 2 3 4 5 |  5.0
Shields        | 4 5 7 9 |  9.2
Armour         | 4 5 6 |  6.7
Fighting       | 4 5 6 |  6.2
Stealth        | 1 |  1.2
Long Blades    | |  2.2

Action                   |  1- 3 |  4- 6 |  7- 9 | 10-12 || total
-------------------------+-------+-------+-------+-------++-------
Melee: Hand axe          |    40 |   134 |   336 |   180 ||   690
       Long sword        |     4 |       |       |       ||     4
  Use: Potion            |       |     6 |     5 |     3 ||    14
       Scroll            |       |     6 |     8 |       ||    14
 Stab: Invisible         |       |     2 |       |       ||     2
       Sleeping          |       |       |     1 |       ||     1
  Eat: Chunk             |       |     2 |     6 |       ||     8
       Ration            |       |     1 |     1 |     1 ||     3
Armor: Scale mail        |    21 |    62 |   114 |       ||   197
       Ring mail         |       |       |    17 |    43 ||    60
Dodge: Dodged            |    18 |    41 |    70 |    65 ||   194
Block: Shield            |    34 |    63 |       |       ||    97
       Large shield      |       |    15 |   282 |   175 ||   472
